cohdb
Replays
Latest Replays
All Replays
Popular Replays
Top Player Replays
Match Explorer
How It Works
Community
CoH3 Stats
Reddit
Sign in to upload your games and track your stats! →
Sign in with Steam
Match 44640814
Unlisted
Match 44640814
Overview
Messages
Build Orders
End
Construct Weapon Support Center
Selects Special Operations Battlegroup
Selects M29 Weasel Recon Vehicle
M29 Weasel Recon Vehicle
M1919 Machine Gun Team
Bazooka Squad
M1919 Machine Gun Team
Infantry Support Center
Selects Raiding Flares
M3 Armored Personnel Carrier
Engineer Squad
Sniper
Selects SSF Commando Squad
SSF Commando Squad
Raiding Flares
Construct Tank Depot
Selects Mark Vehicle
Selects UNKNOWN (2162291)
M4A1 Sherman Whizbang
Mark Vehicle
M4A1 Sherman Whizbang
Mark Vehicle
M18 Hellcat Tank Destroyer
The Fresh Prince
Commander Z
56512543
Mastermarius
Rajoob
MZMZ
majintal excumuration
BLACK.DRAGON
0
0
Comments
sign in to comment!
No comments posted yet!